[Event "Titled Tuesday Blitz November 14 Late 2023"]
[White "Levine, David"]
[Black "Rizzo, Tobias"]
[WhiteFideId "2011611"]
[BlackFideId "30942691"]
[WhiteElo "2136"]
[BlackElo "2520"]
[Result "0-1"]
[Round "3"]
[TimeControl "180+1"]
[Date "2023.11.14"]
[WhiteClock "0:00:00"]
[BlackClock "0:00:42"]
[Board "122"]

1. d4 Nf6 2. c4 g6 3. g3 Bg7 4. Bg2 c6 5. Nc3 d5 6. cxd5 cxd5 7. Nf3 O-O 8. Ne5 Nc6 9. Bf4 Qb6 10. Nxc6 bxc6 11. Na4 Qb4+ 12. Kf1 Ba6 13. Nc5 Bc8 14. Qd2 Qxd2 15. Bxd2 Nd7 16. Nxd7 Bxd7 17. Bc3 Rfe8 18. e4 e5 19. dxe5 dxe4 20. Re1 Bxe5 21. Bxe5 Rxe5 22. Rxe4 Rxe4 23. Bxe4 Re8 24. f3 f5 25. Bd3 Re3 26. Bc4+ Be6 27. Bxe6+ Rxe6 28. Kf2 Kf7 29. Rc1 Rd6 30. Ke3 Ke6 31. Rc3 g5 32. Rc5 h5 33. f4 g4 34. Ra5 Rd7 0-1


[Site "https://www.chess.com"]

[Event "Titled Tuesday Blitz November 14 Late 2023"]
[White "Kovacsy, Barnabas"]
[Black "tandercat"]
[WhiteFideId "769290"]
[WhiteElo "2518"]
[BlackElo "2045"]
[Result "1-0"]
[Round "3"]
[TimeControl "180+1"]
[Date "2023.11.14"]
[WhiteClock "0:02:09"]
[BlackClock "0:00:13"]
[Board "123"]

1. e4 c5 2. Nf3 Nc6 3. d4 cxd4 4. Nxd4 e5 5. Nb5 d6 6. N1c3 a6 7. Na3 Be7 8. Nc4 b5 9. Ne3 Nf6 10. Bd3 Nb4 11. O-O O-O 12. a3 Nxd3 13. Qxd3 Bb7 14. Ned5 Nxd5 15. Nxd5 Bg5 16. Bxg5 Qxg5 17. Rad1 Rac8 18. c3 Bxd5 19. Qxd5 Qg6 20. f3 Rfd8 21. Rd3 Qe6 22. Rfd1 Qxd5 23. Rxd5 Kf8 24. Rxd6 Ke7 25. Rxd8 Rxd8 26. Rxd8 Kxd8 27. Kf2 Kc7 28. b4 Kc6 29. Ke3 f6 30. Kd3 g6 31. c4 f5 32. Kc3 h5 33. h4 f4 34. cxb5+ axb5 35. Kb3 Kb6 36. a4 Ka6 37. axb5+ Kxb5 38. Kc3 Ka4 39. Kc4 Ka3 40. b5 Kb2 41. Kd5 Kc2 42. Kxe5 Kd2 43. Kxf4 Ke2 44. g3 Kf2 45. b6 Kg2 46. b7 Kh3 47. b8=Q 1-0


[Site "https://www.chess.com"]

[Event "Titled Tuesday Blitz November 14 Late 2023"]
[White "Castillo Pena, Patricia Evarista"]
[Black "Erdogan, Anil Berk"]
[WhiteFideId "6412106"]
[BlackFideId "6348173"]
[WhiteElo "2040"]
[BlackElo "2517"]
[Result "0-1"]
[Round "3"]
[TimeControl "180+1"]
[Date "2023.11.14"]
[WhiteClock "0:01:05"]
[BlackClock "0:00:35"]
[Board "124"]

1. d4 Nf6 2. Nf3 c5 3. e3 cxd4 4. exd4 d5 5. Bd3 g6 6. Nbd2 Bg7 7. O-O O-O 8. Re1 Nc6 9. b3 Ne4 10. Bb2 Bf5 11. Nh4 Nxd4 12. Nxf5 gxf5 13. Bxe4 dxe4 14. Rb1 Rc8 15. c4 Rc6 16. Nf1 Rd6 17. Qh5 Rh6 18. Qd1 Rd6 19. Qh5 e6 20. Ba3 Rd7 21. Bxf8 Qxf8 22. Rbd1 Qd8 23. Ne3 f4 24. Rxd4 Rxd4 25. Ng4 f3 26. gxf3 exf3 27. Nh6+ Bxh6 28. Qxh6 Rd1 29. Kf1 Qd3+ 0-1


[Site "https://www.chess.com"]

[Event "Titled Tuesday Blitz November 14 Late 2023"]
[White "Lutz, Igor Oscar"]
[Black "JackRodgers"]
[WhiteFideId "2110806"]
[WhiteElo "1835"]
[BlackElo "2515"]
[Result "0-1"]
[Round "3"]
[TimeControl "180+1"]
[Date "2023.11.14"]
[WhiteClock "0:00:37"]
[BlackClock "0:01:59"]
[Board "125"]

1. d4 Nf6 2. c4 c5 3. d5 e5 4. dxe6 fxe6 5. Nc3 Nc6 6. e4 Be7 7. Nf3 d6 8. Be2 O-O 9. Bf4 e5 10. Bg5 Nd4 11. O-O Be6 12. Bxf6 Bxf6 13. Nd5 Bxd5 14. exd5 e4 15. Nd2 Qe7 16. Re1 e3 17. Nf3 exf2+ 18. Kxf2 Rae8 19. Bd3 Bh4+ 20. g3 Qxe1+ 21. Qxe1 Rxe1 22. Rxe1 Rxf3+ 23. Kg2 Rxd3 24. gxh4 Rd2+ 0-1


[Site "https://www.chess.com"]

[Event "Titled Tuesday Blitz November 14 Late 2023"]
[White "Djordjevic, Dejan N"]
[Black "Makarian, Rudik"]
[WhiteFideId "913316"]
[BlackFideId "44105681"]
[WhiteElo "2039"]
[BlackElo "2954"]
[Result "0-1"]
[Round "3"]
[TimeControl "180+1"]
[Date "2023.11.14"]
[WhiteClock "0:00:12"]
[BlackClock "0:01:32"]
[Board "126"]

1. e4 c5 2. Nc3 d6 3. g3 Nc6 4. Bg2 g6 5. Nge2 Bg7 6. O-O e5 7. h3 Nge7 8. d3 O-O 9. Be3 Be6 10. Qd2 Qd7 11. Kh2 f5 12. f4 Rae8 13. Rae1 Nd4 14. b3 b5 15. a4 b4 16. Nd1 Nxe2 17. Rxe2 Kh8 18. fxe5 Bxe5 19. Bf4 Nc6 20. Bxe5+ Nxe5 21. d4 cxd4 22. Qxd4 a5 23. exf5 Bxf5 24. Ne3 Be6 25. Rxf8+ Rxf8 26. Nd5 Bxd5 27. Bxd5 Qg7 28. Qe3 Qf6 29. Bg2 Kg7 30. Qb6 h5 31. Qxa5 h4 32. Qxb4 hxg3+ 33. Kxg3 Qg5+ 34. Kh2 Qh5 35. Qe4 Rf5 36. a5 d5 37. Qxf5 Qxf5 38. a6 Qf4+ 39. Kg1 Qd4+ 40. Kf1 Kf6 41. Rf2+ Ke6 42. Re2 Qa1+ 43. Kf2 Qxa6 44. c4 dxc4 45. bxc4 Qxc4 0-1


[Site "https://www.chess.com"]

[Event "Titled Tuesday Blitz November 14 Late 2023"]
[White "Djokic, Mihailo"]
[Black "Figorito, Nick"]
[WhiteFideId "976440"]
[BlackFideId "30923689"]
[WhiteElo "2667"]
[BlackElo "2404"]
[Result "1-0"]
[Round "3"]
[TimeControl "180+1"]
[Date "2023.11.14"]
[WhiteClock "0:01:16"]
[BlackClock "0:00:18"]
[Board "127"]

1. e4 e6 2. d4 d5 3. Nc3 Bb4 4. e5 c5 5. a3 Bxc3+ 6. bxc3 Ne7 7. h4 Qa5 8. Bd2 Qa4 9. h5 h6 10. Nf3 b6 11. Rh4 Qd7 12. Rg4 Nf5 13. Bd3 Kf8 14. Nh4 Nc6 15. Nxf5 exf5 16. Rf4 Ne7 17. Qf3 g6 18. g4 g5 19. Rxf5 Nxf5 20. Bxf5 Qe7 21. Qxd5 Kg7 22. Qxa8 Bxf5 23. Qf3 Bxc2 24. a4 c4 25. Be3 Bd3 26. Kd2 Rb8 27. d5 Rd8 28. d6 Qe6 29. Bd4 Kh7 30. a5 b5 31. a6 Rd7 32. Ra5 f6 33. Qxf6 Qxf6 34. exf6 Rxd6 35. f7 Rd8 36. Rxb5 Be4 37. Rb7 Bxb7 38. axb7 a5 39. Kc2 a4 40. Bc5 Kg7 41. f8=Q+ Rxf8 42. Bxf8+ Kxf8 43. b8=Q+ 1-0


[Site "https://www.chess.com"]

[Event "Titled Tuesday Blitz November 14 Late 2023"]
[White "Qiao, Cindy"]
[Black "Slaby, Jerzy"]
[WhiteFideId "2620243"]
[BlackFideId "1121405"]
[WhiteElo "2402"]
[BlackElo "2658"]
[Result "0-1"]
[Round "3"]
[TimeControl "180+1"]
[Date "2023.11.14"]
[WhiteClock "0:01:16"]
[BlackClock "0:01:20"]
[Board "128"]

1. e4 c6 2. d4 d5 3. exd5 cxd5 4. Nf3 Nf6 5. Bd3 Nc6 6. c3 Bg4 7. h3 Bh5 8. Bf4 e6 9. Nbd2 a6 10. O-O Bd6 11. Bxd6 Qxd6 12. Re1 O-O 13. Be2 b5 14. a3 Bxf3 15. Bxf3 Rab8 16. Rc1 a5 17. b4 a4 18. Nf1 Rfe8 19. Ne3 g6 20. Qd2 Na7 21. Nd1 Nc6 22. Nb2 e5 23. dxe5 Nxe5 24. Re3 Rbc8 25. Rd1 Kg7 26. Be2 Qc6 27. Qd4 Ned7 28. Rf3 Re4 29. Qd2 Ne5 30. Rg3 h5 31. Rc1 h4 32. Re3 Qb6 33. Rxe4 Nxe4 34. Qe3 Qxe3 35. fxe3 Rxc3 36. Rxc3 Nxc3 37. Bf3 Nc4 38. Nd3 Nxa3 0-1


[Site "https://www.chess.com"]

[Event "Titled Tuesday Blitz November 14 Late 2023"]
[White "Mushini Ajay"]
[Black "Perske, Thore"]
[WhiteFideId "35066188"]
[BlackFideId "12902195"]
[WhiteElo "2392"]
[BlackElo "2622"]
[Result "1/2-1/2"]
[Round "3"]
[TimeControl "180+1"]
[Date "2023.11.14"]
[WhiteClock "0:02:46"]
[BlackClock "0:02:59"]
[Board "129"]

1. e4 e6 2. d4 d5 3. Nc3 Nf6 4. e5 Nfd7 5. f4 c5 6. Nf3 Nc6 7. Be3 cxd4 8. Nxd4 Qb6 9. Qd2 Qxb2 10. Rb1 Qa3 11. Bb5 Nxd4 12. Bxd4 a6 13. Rb3 Qe7 14. Bxd7+ Bxd7 15. Rxb7 Qh4+ 16. Bf2 Qd8 17. Bb6 Qc8 18. Rc7 Qd8 19. Rb7 Qc8 20. Rc7 Qd8 21. Rb7 1/2-1/2


[Site "https://www.chess.com"]

[Event "Titled Tuesday Blitz November 14 Late 2023"]
[White "Degtiarev, Evgeny"]
[Black "Gubajdullin, Alexei"]
[WhiteFideId "4149610"]
[BlackFideId "4141202"]
[WhiteElo "2378"]
[BlackElo "2618"]
[Result "0-1"]
[Round "3"]
[TimeControl "180+1"]
[Date "2023.11.14"]
[WhiteClock "0:00:17"]
[BlackClock "0:01:53"]
[Board "130"]

1. d4 Nf6 2. c4 g6 3. Nc3 Bg7 4. e4 d6 5. f3 O-O 6. Nge2 Nc6 7. Be3 a6 8. Rc1 Rb8 9. Nd5 e6 10. Nxf6+ Bxf6 11. Qd2 Bd7 12. d5 Ne5 13. Ng3 b5 14. c5 Nc4 15. Bxc4 bxc4 16. Bd4 dxc5 17. Bc3 exd5 18. Qxd5 Bxc3+ 19. bxc3 Rb2 20. O-O Rxa2 21. Qxc4 Be6 22. Qxc5 Qd2 23. Qf2 Rb8 24. Qxd2 Rxd2 25. Rf2 Rxf2 26. Kxf2 a5 27. Ra1 Ra8 28. Ne2 a4 29. Ra3 Bc4 30. Nd4 c5 31. Nc6 f6 32. Ke3 Kf7 33. e5 Bb5 34. Nd4 cxd4+ 35. cxd4 fxe5 36. dxe5 Bc4 37. f4 Bb3 38. g4 Ra5 39. f5 Rxe5+ 0-1


[Site "https://www.chess.com"]

[Event "Titled Tuesday Blitz November 14 Late 2023"]
[White "Van Osch, Mees"]
[Black "Golubev, Mikhail"]
[WhiteFideId "1035967"]
[BlackFideId "14100983"]
[WhiteElo "2355"]
[BlackElo "2617"]
[Result "0-1"]
[Round "3"]
[TimeControl "180+1"]
[Date "2023.11.14"]
[WhiteClock "0:00:26"]
[BlackClock "0:00:39"]
[Board "131"]

1. e4 c5 2. Nf3 d6 3. d4 Nf6 4. Nc3 cxd4 5. Nxd4 g6 6. Be3 Bg7 7. f3 Nc6 8. Bc4 O-O 9. Bb3 Qa5 10. Qd2 Nxd4 11. Bxd4 Be6 12. O-O-O b5 13. Kb1 b4 14. Nd5 Bxd5 15. Bxd5 Nxd5 16. Bxg7 Nc3+ 17. Bxc3 bxc3 18. Qxc3 Qxc3 19. bxc3 Rfc8 20. Rd3 Rc7 21. Kc1 Rac8 22. Kd2 Rb8 23. Ra1 Rc5 24. Rd4 Kg7 25. Rb4 Rbc8 26. Rb3 a5 27. a4 Kf6 28. Raa3 Rc4 29. Rb5 R8c5 30. Rxc5 Rxc5 31. Kd3 Ke5 32. Rb3 d5 33. Rb5 Rxb5 34. axb5 a4 35. Kd2 dxe4 36. fxe4 f5 37. exf5 gxf5 38. c4 Kd6 39. b6 Kc6 40. c5 e5 41. Kc3 a3 42. Kb3 e4 43. Kxa3 e3 0-1


[Site "https://www.chess.com"]

[Event "Titled Tuesday Blitz November 14 Late 2023"]
[White "Biernacki, Mark"]
[Black "Leiva, Gianmarco"]
[WhiteFideId "2082322"]
[BlackFideId "3804399"]
[WhiteElo "2331"]
[BlackElo "2595"]
[Result "1-0"]
[Round "3"]
[TimeControl "180+1"]
[Date "2023.11.14"]
[WhiteClock "0:00:11"]
[BlackClock "0:00:08"]
[Board "132"]

1. e4 e5 2. Nf3 Nc6 3. Bc4 Bc5 4. c3 Nf6 5. d4 exd4 6. e5 d5 7. Be2 Ne4 8. cxd4 Bb4+ 9. Bd2 Nxd2 10. Nbxd2 O-O 11. O-O Ne7 12. Rc1 c6 13. a3 Ba5 14. b4 Bb6 15. Nb3 Ng6 16. a4 f6 17. b5 fxe5 18. bxc6 e4 19. cxb7 Bxb7 20. Ne5 Nxe5 21. dxe5 a5 22. Nc5 Bxc5 23. Rxc5 Qe7 24. Qd4 Rae8 25. Rb1 Ba8 26. Rxa5 Qxe5 27. Qxe5 Rxe5 28. Rd1 Ref5 29. f3 exf3 30. Bxf3 Kh8 31. h3 h5 32. Rd4 g6 33. Ra6 Kh7 34. Ra7+ Kh6 35. a5 R5f7 36. Rxf7 Rxf7 37. Be2 Re7 38. Bd3 Re1+ 39. Kf2 Ra1 40. a6 Ra2+ 41. Kg3 Ra3 42. Kh2 Bc6 43. Kg1 Ra5 44. Kh2 Bb5 45. Rxd5 Rxa6 46. Rxb5 Rd6 47. Be4 Rd4 48. Bf3 Rd6 49. Rc5 Rf6 50. Rc6 Rf7 51. Be4 Rg7 52. h4 Rg8 53. Rd6 Rg7 54. Kg3 Rg8 55. Kf4 Rf8+ 56. Ke5 Re8+ 57. Kd4 Rg8 58. Ke5 Re8+ 59. Re6 Rxe6+ 60. Kxe6 g5 61. hxg5+ Kxg5 62. Bf5 Kf4 63. Bh3 Kg5 64. Ke5 Kg6 65. Kf4 Kf6 66. Kg3 Kg5 67. Kf3 Kh4 68. Bd7 Kg5 69. Bc8 Kh4 70. Ke4 Kg3 71. Bh3 Kh4 72. Ke5 Kg5 73. Ke6 Kg6 74. Ke7 Kg7 75. Bd7 Kg6 76. Be6 Kg5 77. Bh3 Kg6 78. Kf8 Kf6 79. Kg8 Kg6 80. Kh8 Kh6 81. Kg8 Kg6 82. Kf8 Kf6 83. Ke8 Kg6 84. Kd8 Kf6 85. Kd7 Kf7 86. Kd6 Kf6 87. Kd5 Kg5 88. Ke4 Kh4 89. Ke3 Kg5 90. Kf2 Kh4 91. Kg1 Kg3 92. Kh1 Kf4 93. Bc8 Kg3 94. Bd7 Kf4 95. Kh2 Kg5 96. Kh3 Kf4 97. Kh4 Ke5 98. Bc6 Kf4 99. Kxh5 Kg3 100. Kg5 Kh2 101. g4 Kg3 102. Kh5 Kf4 103. g5 Ke5 104. Kh6 Kf5 105. g6 Kf6 106. g7 Kf7 107. Bd5+ Ke7 108. g8=Q Kf6 109. Qg6+ Ke5 110. Qg5+ Kd6 111. Bg8 Kd7 112. Bh7 Ke8 113. Qg6+ Kf8 114. Kg5 Ke7 115. Kf5 Kf8 116. Ke5 Ke7 117. Qg7+ Kd8 118. Kd6 1-0


[Site "https://www.chess.com"]

[Event "Titled Tuesday Blitz November 14 Late 2023"]
[White "chessjazda"]
[Black "Chylewski, Patryk"]
[BlackFideId "1186191"]
[WhiteElo "2338"]
[BlackElo "2532"]
[Result "0-1"]
[Round "3"]
[TimeControl "180+1"]
[Date "2023.11.14"]
[WhiteClock "0:00:26"]
[BlackClock "0:00:17"]
[Board "133"]

1. e4 c6 2. Qe2 d5 3. c4 dxe4 4. Nc3 g6 5. Nxe4 Bg7 6. Nf3 Nf6 7. d4 Bg4 8. Nxf6+ Bxf6 9. Be3 Bxf3 10. Qxf3 Bxd4 11. Rd1 Qa5+ 12. Bd2 Qe5+ 13. Be2 Bxb2 14. O-O O-O 15. Bh6 Re8 16. Qb3 Na6 17. Qxb7 Nc5 18. Qxc6 Rac8 19. Qf3 Ne6 20. Rd5 Nd4 21. Qd3 Nxe2+ 22. Kh1 Qe6 23. Be3 Nc3 24. Ra5 Qxc4 25. Qxc4 Rxc4 26. Rxa7 Ra4 27. Rxa4 Nxa4 28. Rd1 Rc8 29. h4 Bf6 30. h5 gxh5 31. Rd4 Bxd4 0-1


[Site "https://www.chess.com"]

[Event "Titled Tuesday Blitz November 14 Late 2023"]
[White "Omariev, Maksim"]
[Black "Li, Hui"]
[WhiteFideId "4193423"]
[BlackFideId "15400310"]
[WhiteElo "2504"]
[BlackElo "2330"]
[Result "1-0"]
[Round "3"]
[TimeControl "180+1"]
[Date "2023.11.14"]
[WhiteClock "0:00:10"]
[BlackClock "0:00:04"]
[Board "134"]

1. b3 d5 2. Bb2 c5 3. h3 f6 4. g4 e5 5. Bg2 Nc6 6. d3 Be6 7. e3 Bd6 8. Nd2 Nge7 9. Ne2 Qd7 10. Ng3 O-O-O 11. Qe2 Kb8 12. O-O-O Rhe8 13. Kb1 Ka8 14. Rde1 g6 15. Rhf1 f5 16. gxf5 gxf5 17. f4 e4 18. dxe4 dxe4 19. Nh5 Ng8 20. Ng7 Re7 21. Nxe6 Qxe6 22. Nc4 Bc7 23. h4 Nf6 24. Bh3 h5 25. Bxf6 Qxf6 26. Qxh5 b5 27. Na3 b4 28. Nc4 Rf7 29. Qg5 Rh8 30. h5 Qxg5 31. fxg5 Rxh5 32. Bxf5 Rxg5 33. Bxe4 Rxf1 34. Bxc6+ Kb8 35. Rxf1 Bd8 36. e4 Kc7 37. Bd5 Rg2 38. a3 bxa3 39. Nxa3 Bg5 40. Nc4 Kd7 41. Rf7+ Ke8 42. Rxa7 Rg1+ 43. Kb2 Bh4 44. Rh7 Bf2 45. Nd6+ Kd8 46. Nf5 Bd4+ 47. Nxd4 cxd4 48. Rh3 Kd7 49. Rd3 Kd6 50. Rxd4 Ke5 51. Rc4 Rd1 52. b4 Rg1 53. b5 Rg6 54. Rc6 Rg3 55. b6 Rg7 56. Re6+ Kd4 57. b7 Rg8 58. Ra6 Rb8 59. Ra8 Rxb7+ 60. Bxb7 Kc5 61. Bd5 Kb6 62. Rc8 Ka5 63. Rb8 Ka6 64. Rb3 Ka7 65. e5 Ka6 66. e6 Ka5 67. e7 1-0


[Site "https://www.chess.com"]

[Event "Titled Tuesday Blitz November 14 Late 2023"]
[White "Sreyas Payyappat"]
[Black "rikchessmx"]
[WhiteFideId "46674969"]
[WhiteElo "2502"]
[BlackElo "2321"]
[Result "0-1"]
[Round "3"]
[TimeControl "180+1"]
[Date "2023.11.14"]
[WhiteClock "0:00:04"]
[BlackClock "0:00:40"]
[Board "135"]

1. e4 e5 2. Nf3 Nc6 3. Bc4 Bc5 4. c3 Qf6 5. O-O Nge7 6. d3 h6 7. Be3 d6 8. d4 Bb6 9. Na3 O-O 10. Qd2 Ng6 11. Nc2 Nf4 12. Bxf4 exf4 13. Rae1 g5 14. e5 Qg6 15. Bd3 Qh5 16. d5 Nxe5 17. Nxe5 dxe5 18. Rxe5 f3 19. Qd1 Bg4 20. Rfe1 fxg2 21. Be2 Qh4 22. Nd4 Bh3 23. Bf3 f5 24. Bxg2 Bg4 25. Qd3 Rf6 26. h3 Bh5 27. Rxf5 Raf8 28. Ree5 Bg6 29. Rxf6 Bxd3 30. Rxf8+ Kxf8 31. Re6 Bxd4 32. cxd4 Qxd4 33. Rxh6 Kg7 34. Re6 Bc4 35. Re7+ Kf6 36. Re6+ Kf7 37. Rh6 Bxd5 38. Rh7+ Kg6 39. Rd7 c6 40. Rd6+ Kf7 41. Rd7+ Ke6 42. Rxb7 g4 43. Rg7 Qxg7 0-1


[Site "https://www.chess.com"]

[Event "Titled Tuesday Blitz November 14 Late 2023"]
[White "Kopacz, Grzegorz"]
[Black "Osmak, Yuliia"]
[WhiteFideId "1109880"]
[BlackFideId "14101602"]
[WhiteElo "2271"]
[BlackElo "2500"]
[Result "0-1"]
[Round "3"]
[TimeControl "180+1"]
[Date "2023.11.14"]
[WhiteClock "0:00:00"]
[BlackClock "0:00:28"]
[Board "136"]

1. c4 e5 2. Nc3 Bb4 3. Qb3 Nc6 4. e3 Nf6 5. g3 O-O 6. Bg2 a5 7. a3 Bc5 8. Nge2 Re8 9. O-O d6 10. Nd5 Nxd5 11. cxd5 Ne7 12. d4 exd4 13. Nxd4 Bxd4 14. exd4 Nf5 15. Qc3 Qf6 16. Qxc7 Nxd4 17. Be3 Nf3+ 18. Kh1 Bg4 19. Qc3 Qf5 20. Bf4 Qh5 21. h3 Rac8 22. Qd3 Ne5 23. Bxe5 Rxe5 24. Kg1 Be2 25. Qd2 Bxf1 26. Rxf1 Qe2 27. Qxa5 Qxb2 28. Qa7 g6 29. h4 h5 30. Bh3 Rc1 31. Qb8+ Kg7 32. Qxd6 Rxf1+ 33. Bxf1 Re1 34. Kg2 Qa1 35. Bd3 Qd4 36. Bb5 Rd1 0-1


[Site "https://www.chess.com"]

[Event "Titled Tuesday Blitz November 14 Late 2023"]
[White "Kanyamarala, Trisha"]
[Black "Cardozo Munar, Carlos Eduardo"]
[WhiteFideId "45004722"]
[BlackFideId "4409477"]
[WhiteElo "2490"]
[BlackElo "2286"]
[Result "1-0"]
[Round "3"]
[TimeControl "180+1"]
[Date "2023.11.14"]
[WhiteClock "0:00:04"]
[BlackClock "0:00:07"]
[Board "137"]

1. c4 e6 2. Nc3 d5 3. e3 Nf6 4. Nf3 Bd6 5. b3 O-O 6. Bb2 Nbd7 7. Be2 c6 8. O-O Re8 9. d4 e5 10. dxe5 Nxe5 11. Nxe5 Bxe5 12. Qc2 dxc4 13. Bxc4 Bxh2+ 14. Kxh2 Ng4+ 15. Kg1 Qh4 16. Rfd1 Qh2+ 17. Kf1 Qh1+ 18. Ke2 Qxg2 19. Ne4 Bf5 20. Nf6+ gxf6 21. Qxf5 Rxe3+ 22. Kd2 Rd8+ 23. Kc2 Rxd1 24. Rxd1 Re5 25. Qc8+ Kg7 26. Bxe5 Qxf2+ 27. Kb1 Ne3 28. Rc1 fxe5 29. Qh3 f5 30. Qh1 Ng4 31. Qg1 Qf4 32. Be2 Qe4+ 33. Rc2 h5 34. Bxg4 hxg4 35. Qd1 Kf6 36. Qd8+ Kg6 37. Kb2 g3 38. Qg8+ Kf6 39. Qxg3 f4 40. Qh4+ Ke6 41. Qh6+ Kf5 42. Qh7+ Kg4 43. Qxe4 c5 44. Rg2+ Kh3 45. Qg6 e4 46. Qg4# 1-0


[Site "https://www.chess.com"]

[Event "Titled Tuesday Blitz November 14 Late 2023"]
[White "Petersson, Kjell"]
[Black "Ventura Bolet, Maxim"]
[WhiteFideId "1705148"]
[BlackFideId "22238824"]
[WhiteElo "2139"]
[BlackElo "2490"]
[Result "0-1"]
[Round "3"]
[TimeControl "180+1"]
[Date "2023.11.14"]
[WhiteClock "0:01:12"]
[BlackClock "0:00:23"]
[Board "138"]

1. d4 Nf6 2. Bf4 c5 3. d5 d6 4. Nc3 g6 5. e4 Bg7 6. a4 O-O 7. Nf3 Bg4 8. h3 Bxf3 9. Qxf3 Nbd7 10. Bd3 a6 11. Qe3 Re8 12. O-O Qa5 13. Bh6 Bh8 14. f4 e6 15. dxe6 fxe6 16. Bg5 Nd5 17. Qg3 Nxc3 18. bxc3 Qxc3 19. f5 Be5 20. Qh4 exf5 21. exf5 Qd4+ 22. Kh1 Qxh4 23. Bxh4 Bxa1 24. Rxa1 Ne5 25. fxg6 hxg6 26. Be4 Rab8 27. Rb1 b5 28. axb5 axb5 29. Bd5+ Kg7 30. Rf1 Rf8 31. Ra1 Rf4 32. Ra7+ Kh6 33. Bg3 Rd4 34. Be6 Rf8 35. Kh2 Rd2 36. Ra2 Nf3+ 37. Kh1 Rd1+ 38. Be1 Rxe1# 0-1


[Site "https://www.chess.com"]

[Event "Titled Tuesday Blitz November 14 Late 2023"]
[White "YouShallNotPass001"]
[Black "Perry, Patrick"]
[BlackFideId "30917727"]
[WhiteElo "2478"]
[BlackElo "2259"]
[Result "1-0"]
[Round "3"]
[TimeControl "180+1"]
[Date "2023.11.14"]
[WhiteClock "0:02:27"]
[BlackClock "0:02:31"]
[Board "139"]

1. Nf3 Nf6 2. e3 g6 3. Be2 Bg7 4. O-O O-O 5. d4 c5 6. c4 e6 7. dxc5 Qa5 8. a3 Qxc5 9. b4 Qc7 10. Bb2 d5 11. Be5 Qd8 12. c5 Nc6 13. Bd6 Re8 14. Ra2 Ne4 15. Bf4 e5 16. Bg3 Nxg3 17. hxg3 Be6 18. Rd2 d4 19. exd4 Nxd4 20. Nxd4 exd4 21. Bf3 Qc7 22. Re1 a5 23. Rde2 axb4 24. axb4 Ra4 25. Qxa4 1-0


[Site "https://www.chess.com"]

[Event "Titled Tuesday Blitz November 14 Late 2023"]
[White "Feliz Dotel, Dewar Bienvenido"]
[Black "Martin Barcelo, Carles"]
[WhiteFideId "6402801"]
[BlackFideId "24561444"]
[WhiteElo "2115"]
[BlackElo "2476"]
[Result "0-1"]
[Round "3"]
[TimeControl "180+1"]
[Date "2023.11.14"]
[WhiteClock "0:00:55"]
[BlackClock "0:01:26"]
[Board "140"]

1. d4 f5 2. e3 Nf6 3. Nf3 g6 4. Be2 Bg7 5. O-O O-O 6. c4 d6 7. b3 Qe8 8. Ba3 Nbd7 9. Nc3 e5 10. dxe5 Nxe5 11. c5 dxc5 12. Bxc5 Rf7 13. Rc1 Bd7 14. Nd5 Nxd5 15. Qxd5 Bc6 16. Qd1 Rd7 17. Qc2 Nxf3+ 18. Bxf3 Bxf3 19. gxf3 a6 20. Rfd1 Rad8 21. Qc4+ Kh8 22. Bb4 Rxd1+ 0-1


[Site "https://www.chess.com"]

[Event "Titled Tuesday Blitz November 14 Late 2023"]
[White "katharinareinecke"]
[Black "Arnold, Ken"]
[BlackFideId "2056836"]
[WhiteElo "1956"]
[BlackElo "2407"]
[Result "0-1"]
[Round "3"]
[TimeControl "180+1"]
[Date "2023.11.14"]
[WhiteClock "0:00:00"]
[BlackClock "0:00:04"]
[Board "141"]

1. d4 Nf6 2. c4 e6 3. Nf3 b6 4. g3 Bb7 5. Bg2 Bb4+ 6. Bd2 Bxd2+ 7. Nbxd2 O-O 8. O-O d5 9. cxd5 Nxd5 10. Rc1 a5 11. Nc4 Nf6 12. Nce5 Bd5 13. a3 Na6 14. e3 c5 15. Qe2 cxd4 16. Nxd4 Bxg2 17. Kxg2 Qd5+ 18. Nef3 Nc5 19. Rfd1 Rfd8 20. Kg1 Nb3 21. Rc3 Nxd4 22. Rxd4 Qa2 23. Rcd3 Rxd4 24. Rxd4 h6 25. Rd6 Nd5 26. e4 Nc3 27. Qc2 Rc8 28. Qd3 Qxb2 29. Rd8+ Rxd8 30. Qxd8+ Kh7 31. e5 Ne4 32. Qd3 Qxf2+ 33. Kh1 g6 34. Qxe4 Qf1+ 35. Ng1 b5 36. Qb7 b4 37. Qg2 Qxg2+ 38. Kxg2 bxa3 39. Ne2 a2 40. Nd4 a1=Q 41. Kf3 Qxd4 0-1


[Site "https://www.chess.com"]

[Event "Titled Tuesday Blitz November 14 Late 2023"]
[White "Wu, Derek"]
[Black "Smirnov, Timofey"]
[WhiteFideId "30914558"]
[BlackFideId "24176427"]
[WhiteElo "2666"]
[BlackElo "2104"]
[Result "1-0"]
[Round "3"]
[TimeControl "180+1"]
[Date "2023.11.14"]
[WhiteClock "0:02:24"]
[BlackClock "0:00:12"]
[Board "142"]

1. e4 e5 2. Nc3 Nf6 3. d4 exd4 4. Qxd4 Nc6 5. Qd3 Bb4 6. Bd2 O-O 7. O-O-O Ne5 8. Qg3 Bxc3 9. Bxc3 Ng6 10. f3 Qe7 11. h4 h5 12. Bc4 d6 13. Qxg6 Be6 14. Bxe6 Qxe6 15. Qg5 Qxa2 16. Bxf6 Qa1+ 17. Kd2 1-0


[Site "https://www.chess.com"]

[Event "Titled Tuesday Blitz November 14 Late 2023"]
[White "AndresDelgado77"]
[Black "Chor, Kevin"]
[BlackFideId "2090740"]
[WhiteElo "2328"]
[BlackElo "2604"]
[Result "0-1"]
[Round "3"]
[TimeControl "180+1"]
[Date "2023.11.14"]
[WhiteClock "0:00:00"]
[BlackClock "0:00:07"]
[Board "143"]

1. e4 c5 2. Nf3 Nc6 3. b4 cxb4 4. d4 d6 5. d5 Nb8 6. a3 bxa3 7. Nxa3 Nf6 8. Bd3 g6 9. Nb5 Bg7 10. Bb2 O-O 11. h3 Na6 12. O-O Bd7 13. Nbd4 Nc5 14. Re1 Qc7 15. c4 a5 16. Rc1 Ba4 17. Bc2 Bxc2 18. Qxc2 a4 19. Nb5 Qb6 20. e5 dxe5 21. Nxe5 Rfc8 22. Bd4 Qd8 23. Ra1 Nb3 24. Ra3 Nxd5 25. Nxf7 Nxd4 26. Nxd4 Kxf7 27. Qe4 Bxd4 28. cxd5 Bf6 29. Rxa4 Rxa4 30. Qxa4 Qxd5 31. Rb1 b5 32. Rxb5 Rc1+ 33. Kh2 Qd6+ 34. f4 g5 35. Qa2+ Kg7 0-1


[Site "https://www.chess.com"]

[Event "Titled Tuesday Blitz November 14 Late 2023"]
[White "Tikhonov, Viacheslav"]
[Black "Lopez Del Alamo, Antonio"]
[WhiteFideId "44196407"]
[BlackFideId "2227339"]
[WhiteElo "2564"]
[BlackElo "2328"]
[Result "1-0"]
[Round "3"]
[TimeControl "180+1"]
[Date "2023.11.14"]
[WhiteClock "0:00:02"]
[BlackClock "0:00:07"]
[Board "144"]

1. e4 c5 2. Nf3 e6 3. b3 Nc6 4. Bb2 Nge7 5. g3 d5 6. exd5 exd5 7. Bg2 Bf5 8. O-O Qd6 9. d4 O-O-O 10. Ba3 b6 11. Nc3 Ng6 12. dxc5 bxc5 13. Na4 Nb4 14. c3 Nd3 15. Nd4 Qf6 16. Nxf5 Qxf5 17. Qc2 c4 18. bxc4 dxc4 19. Bxf8 Rhxf8 20. Rab1 Nge5 21. Kh1 Ng4 22. Rb8+ Kc7 23. Rb7+ Kc8 24. Rxa7 Ngxf2+ 25. Kg1 Rfe8 26. Qb1 Nh3+ 27. Bxh3 Re1 28. Rxe1 Rd5 29. Qb7+ Kd8 30. Qe7+ Kc8 31. Qc7# 1-0


[Site "https://www.chess.com"]